 Dungeon Crawl Stone Soup version 0.22.1-1-ga44c0e5 (webtiles) character file.

218 Anon1729 the Chopper (level 5, -2/49 HPs)
             Began as a Naga Gladiator on Sept 29, 2018.
             Slain by an orc priest (5 damage)
             ... on level 3 of the Dungeon.
             The game lasted 00:04:10 (2755 turns).

Anon1729 the Chopper (Naga Gladiator)               Turns: 2755, Time: 00:04:11

Health: -2/49      AC:  4    Str: 16    XL:     5   Next: 95%
Magic:  5/5        EV: 10    Int:  9    God:
Gold:   154        SH:  0    Dex: 13    Spells: 4/4 levels left

rFire    . . .     SeeInvis +   a - +0 war axe
rCold    . . .     Gourm    .   (no shield)
rNeg     . . .     Faith    .   b - +0 leather armour
rPois    +         Spirit   .   c - +0 helmet
rElec    .         Reflect  .   (no cloak)
rCorr    .         Harm     .   (no gloves)
MR       .....                  (no barding)
Stlth    +.........             (no amulet)
HPRegen  0.16/turn              (no ring)
MPRegen  0.09/turn              (no ring)

@: short of breath, very slow
A: large, see invisible, deformed body, poison resistance, slowness 2, slow
metabolism 1, spit poison 1, AC +1
a: Spit Poison


You were on level 3 of the Dungeon.
You were not hungry.

You visited 1 branch of the dungeon, and saw 3 of its levels.

You collected 154 gold pieces.

Inventory:

Hand Weapons
 a - a +0 war axe (weapon)
Missiles
 d - 3 throwing nets (quivered)
Armour
 b - a +0 leather armour (worn)
 c - a +0 helmet (worn)
Wands
 l - a wand of disintegration (8)
Scrolls
 e - a scroll of enchant armour {unknown}
 g - 2 scrolls of remove curse {unknown}
 h - 2 scrolls of identify {unknown}
 j - 2 scrolls of teleportation {unknown}
 m - 2 scrolls of fear {unknown}
 o - a scroll of enchant weapon {unknown}
Potions
 i - 5 potions of curing
 n - a potion of brilliance {unknown}
 p - a potion of flight {unknown}
Comestibles
 f - 4 rations
 k - a chunk of flesh


   Skills:
 + Level 3.2 Fighting
 * Level 4.6 Axes
 + Level 2.9 Throwing
 + Level 3.1 Dodging


You had 4 spell levels left.
You didn't know any spells.
Your spell library was empty.

Dungeon Overview and Level Annotations

Branches:
Dungeon (3/15)

Altars:


Innate Abilities, Weirdness & Mutations

You cannot wear boots.
Your serpentine skin is tough. (AC +1)
You have supernaturally acute eyesight. (SInv)
Armour fits poorly on your strangely shaped body.
Your system is resistant to poisons. (rPois)
You cover ground very slowly.
You have a slow metabolism.
You can spit poison.


Message History

Pain shoots through your body!
* * * LOW HITPOINT WARNING * * *
Some of the chunks of flesh in your inventory have rotted away.
Unknown command.
Press: ? - help, Shift-Dir - straight line, f/p - orc priest
Aim: an orc priest, wearing a chain mail (heavily wounded)
The splash of poison hits the orc priest.
The orc priest is poisoned.
The orc priest is severely wounded.
You feel slightly more hungry. The orc priest hits you.
* * * LOW HITPOINT WARNING * * *
Unknown command.
You hit the orc priest.
The orc priest is almost dead.
The orc priest casts a cantrip, but nothing happens.
Unknown command.
You closely miss the orc priest.
The orc priest is almost dead.
The orc priest hits you.
You die...

#..# ......# ##.#
......#
###)##......#
......#'# #######
#..#..#.# #.....#
#..#..#.##
#.###.###
#........# #.#
#...# #.###)#..#
#.#####.# #.
#.#..####.#)@...#
#.
#.......#.#o#####
#.......#.#.).#
#....####.###.#
#.#.......# .#
#.....##### #
##....# #....#
#.#...#


You could see an orc priest.

Vanquished Creatures
  An orc wizard (D:3)
  Jessica (D:2)
  Terence (D:2)
  5 adders
  A howler monkey skeleton (D:3)
  An ooze (D:1)
  A worm (D:2)
  A dart slug (D:1)
  2 leopard geckos
  8 orcs
  7 bats
  3 giant cockroaches
  7 hobgoblins
  4 jackals (D:1)
  3 ball pythons
  7 frilled lizards
  6 goblins
  6 kobolds
  8 rats
73 creatures vanquished.

Notes
Turn   | Place    | Note
-------+----------+-------------------------------------------
     0 | D:1      | Anon1729 the Naga Gladiator began the quest for the Orb.
     0 | D:1      | Reached XP level 1. HP: 19/19 MP: 1/1
    53 | D:1      | Reached XP level 2. HP: 19/26 MP: 2/2
   656 | D:1      | Reached XP level 3. HP: 32/32 MP: 3/3
  1508 | D:2      | Noticed Terence
  1520 | D:2      | Killed Terence
  1520 | D:2      | Reached XP level 4. HP: 19/40 MP: 4/4
  1872 | D:2      | Noticed Jessica
  1881 | D:2      | Killed Jessica
  1881 | D:2      | Reached skill level 4 in Axes
  2110 | D:2      | Reached XP level 5. HP: 36/48 MP: 5/5
  2755 | D:3      | Slain by an orc priest

Skill      XL: |  1  2  3  4  5 |
---------------+----------------+-----
Throwing       | 2 |  2.9
Axes           | 4 |  4.6
Dodging        | 3 |  3.1
Fighting       | 3 |  3.2

Action                   |  1- 3 |  4- 6 || total
-------------------------+-------+-------++-------
Melee: War axe           |    82 |   102 ||   184
 Abil: Spit Poison       |     1 |     4 ||     5
 Stab: Sleeping          |     1 |       ||     1
  Eat: Chunk             |     1 |     4 ||     5
Armor: Leather armour    |    20 |    45 ||    65
Dodge: Dodged            |    51 |    65 ||   116
